 Dungeon Crawl Stone Soup version 0.22-a0-803-gd6d8abe (webtiles) character file.

57203 mopl the Black Belt (level 14, -8/113 HPs)
             Began as a Barachi Transmuter on July 21, 2018.
             Was the Champion of Cheibriados.
             Killed by divine providence
             ... invoked by an orc priest
             ... led by an orc high priest
              (10 damage)
             ... on level 2 of the Orcish Mines on July 22, 2018.
             The game lasted 00:47:31 (18106 turns).

mopl the Black Belt (Barachi Transmuter)           Turns: 18106, Time: 00:47:33

Health: -8/113     AC:  8    Str: 27    XL:     14   Next: 85%
Magic:  20/23      EV: 25    Int: 34    God:    Cheibriados [******]
Gold:   1140       SH:  0    Dex: 30    Spells: 3/26 levels left

rFire    . . .     SeeInvis .     - Unarmed
rCold    . . .     Gourm    .   (shield currently unavailable)
rNeg     + . .     Faith    +   D - +1 robe of Ituzxub {+Fly Regen+ Dex+3 Slay+5}
rPois    +         Spirit   .   p - +0 helmet
rElec    .         Reflect  .   F - +0 cloak
rCorr    .         Harm     .   (gloves currently unavailable)
MR       ++...                  (no boots)
Stlth    +++.......             S - amulet "Vogh" {Faith Fragile rPois rN+ Stlth+}
HPRegen  0.68/turn              L - +3 ring of protection
MPRegen  0.18/turn              y - ring of protection from magic

@: lethally poisoned (-8 -> -9), blade hands, very slow
A: +LOS, swims, slowness 1, strong legs 2
a: Hop, End Transformation, Bend Time, Temporal Distortion, Slouch, Step From
Time, Renounce Religion, Evoke Flight


You were on level 2 of the Orcish Mines.
You worshipped Cheibriados.
Cheibriados was exalted by your worship.
You were not hungry.
You had blades for hands.
You visited 4 branches of the dungeon, and saw 21 of its levels.
You also visited: Sewer.

You collected 1719 gold pieces.
You spent 579 gold pieces at shops.

Inventory:

Hand Weapons
 K - a +1 scimitar of flaming
Missiles
 a - 304 arrows
 h - 2 throwing nets
 n - 2 tomahawks of dispersal
 B - 36 tomahawks (quivered)
 N - 18 poisoned needles
Armour
 f - a +0 pair of gloves (melded)
 p - a +0 helmet (worn)
 D - the +1 robe of Ituzxub (worn) {+Fly Regen+ Dex+3 Slay+5}
   (You found it on level 5 of the Dungeon)

   It affects your dexterity (+3).
   It affects your accuracy and damage with ranged weapons and melee attacks
   (+5).
   It lets you fly.
   It increases your rate of regeneration.
 F - a +0 cloak (worn)
Jewellery
 o - an uncursed ring of see invisible
 y - a ring of protection from magic (right scythe-like blade)
 G - an uncursed ring of resist corrosion
 L - a +3 ring of protection (left scythe-like blade)
 S - the amulet "Vogh" (around neck) {Faith Fragile rPois rN+ Stlth+}
   (You found it on level 6 of the Lair of Beasts)

   [amulet of faith]

   It allows you to gain divine favour quickly.
   It protects you from poison.
   It protects you from negative energy.
   It will be destroyed if unequipped.
   It makes you more stealthy.
 T - the ring "Vogrepp Dyid" {Fire rN+ Str+2 Int-2}
   (You found it on level 12 of the Dungeon)

   [ring of fire]

   It enhances your fire magic.
   It affects your strength (+2).
   It affects your intelligence (-2).
   It protects you from fire.
   It makes you vulnerable to cold.
   It protects you from negative energy.
 W - an uncursed ring of flight
Wands
 t - a wand of acid (3)
 O - a wand of polymorph (20)
 Q - a wand of clouds (5)
 Y - a wand of disintegration (29)
 Z - a wand of flame (55)
Scrolls
 e - a scroll of fog {unknown}
 k - 4 scrolls of blinking
 l - 4 scrolls of magic mapping {unknown}
 m - 4 scrolls of immolation {unknown}
 s - 11 scrolls of teleportation
 v - 5 scrolls of enchant weapon {unknown}
 z - 6 scrolls of fear
 A - 2 scrolls of amnesia {unknown}
 C - 4 scrolls of remove curse
 E - 6 scrolls of enchant armour {unknown}
 I - 2 scrolls of torment {unknown}
 J - a scroll of noise {unknown}
 M - 9 scrolls of identify
 V - a scroll of random uselessness {unknown}
Potions
 b - a potion of resistance
 c - 3 potions of magic
 g - a potion of cancellation
 i - 2 potions of lignification {!q}
 j - 2 potions of heal wounds
 q - a potion of agility
 r - 4 potions of ambrosia
 w - 7 potions of curing
 x - 5 potions of flight
 H - a potion of brilliance
 X - a potion of might
Comestibles
 d - 36 rations
 u - 8 chunks of flesh


   Skills:
 + Level 11.5 Fighting
 + Level 6.4 Throwing
 + Level 11.4 Dodging
 * Level 15.3 Unarmed Combat
 + Level 6.6 Spellcasting
 - Level 5.0 Hexes
 - Level 3.1 Translocations
 + Level 9.4 Transmutations
 - Level 3.0 Ice Magic
 - Level 2.1 Poison Magic
 + Level 8.5 Invocations


You had 3 spell levels left.
You knew the following spells:

 Your Spells              Type           Power        Failure   Level  Hunger
a - Beastly Appendage     Tmut           ######       7%          1    None
b - Spider Form           Tmut/Pois      ######....   16%         3    None
c - Blade Hands           Tmut           ######....   22%         5    ####...
d - Ice Form              Ice/Tmut       ######..     24%         4    ##.....
e - Blink                 Tloc           N/A          19%         2    None
w - Sticks to Snakes      Tmut           ######..     8%          2    None
y - Yara's Violent Unrav  Hex/Tmut       ######....   34%         5    ####...
C - Confusing Touch       Hex            #####.       12%         1    None

Your spell library contained the following spells:

 Spells                   Type           Power        Failure   Level  Hunger
 Magic Dart               Conj           ##..         28%         1    None
 Fireball                 Conj/Fire      ##........   96%         5    ####...
 Conjure Flame            Conj/Fire      ##......     50%         3    None
 Slow                     Hex            #####...     13%         2    None
 Confuse                  Hex            #####...     19%         3    None
 Throw Flame              Conj/Fire      ##....       36%         2    None
 Throw Frost              Conj/Ice       ###...       26%         2    None
 Mephitic Cloud           Conj/Pois/Air  ###.....     43%         3    None
 Teleport Other           Tloc           ####....     26%         3    None
 Summon Small Mammal      Summ           ##..         28%         1    None
 Freeze                   Ice            ####         16%         1    None
 Sticky Flame             Conj/Fire      ##......     78%         4    ##.....
 Summon Ice Beast         Ice/Summ       ###.....     63%         4    ##.....
 Ozocubu's Armour         Chrm/Ice       ###.....     36%         3    None
 Call Imp                 Summ           ##......     36%         2    None
 Throw Icicle             Conj/Ice       ###.....     63%         4    ##.....
 Flame Tongue             Conj/Fire      ##...        28%         1    None
 Call Canine Familiar     Summ           ##......     50%         3    None
 Metabolic Englaciation   Hex/Ice        #####.....   63%         5    ####...
 Summon Butterflies       Summ           ##......     28%         1    None
 Petrify                  Tmut/Erth      #####...     34%         4    ##.....
 Passage of Golubria      Tloc           N/A          47%         4    ##.....
 Summon Hydra             Summ           ##........   100%        7    #######
 Shroud of Golubria       Chrm/Tloc      ###.......   26%         2    None
 Inner Flame              Hex/Fire       ####....     30%         3    None
 Summon Lightning Spire   Summ/Air       ##......     78%         4    ##.....
 Summon Guardian Golem    Hex/Summ       ####....     30%         3    None
 Summon Mana Viper        Hex/Summ       ####....     78%         5    ####...
 Gell's Gravitas          Tloc           ####......   26%         3    None
 Lesser Beckoning         Tloc           ####......   26%         3    None


Dungeon Overview and Level Annotations

Branches:
Dungeon (12/15)            Temple (1/1) D:5            Lair (6/6) D:8
 Shoals (0/4) Lair:4        Snake (0/4) Lair:2        Slime (0/5) Lair:5
    Orc (2/2) D:12
    Elf: Orc:2

Altars:
Cheibriados
Dithmenos
Elyvilon
Fedhas
Gozag
Hepliaklqana
Kikubaaqudgha
Makhleb
Nemelex Xobeh
Okawaru
Ru
Sif Muna
Uskayaw
Vehumet
Wu Jian
Xom
Yredelemnul
Zin
The Shining One
Beogh
Jiyva

Shops:
D:8 *}(   D:10 *   Orc:2 !

Portals:
Hell: Lair:6

Annotations:
Lair:3 dig
Lair:5 1 runed door dig, exclusion: 4 oklob plants


Innate Abilities, Weirdness & Mutations

Shadows flee at your approach. (+LOS)
You can swim through water.
You cover ground slowly.
You can hop long distances.


Message History

a giant club; a mace; a chain mail; a giant spiked club; an orc corpse The ogre shouts!
You shred the orc high priest!!! You slash the orc high priest.
The orc high priest is severely wounded.
You hear two shouts!
You hear a shout! x2
A two-headed ogre comes into view.
It is wielding a giant club and a giant spiked club.
An orc warrior comes into view. It is wielding a trident.
You slash the orc high priest! You slash the orc high priest.
The orc high priest is almost dead.
The orc sorcerer hits you with a dagger!
* * * LOW HITPOINT WARNING * * *
The troll bites you!
* * * LOW HITPOINT WARNING * * *
The troll barely misses you. The troll completely misses you.
The ogre hits you with a giant spiked club!
* * * LOW HITPOINT WARNING * * *
The orc high priest hits you but does no damage.
The orc priest calls down the wrath of Beogh upon you.
Beogh smites you!
You die...

#.###.........
....#.........
.............
....
.......ooOo
.... #.o..oo.O.
#.... #...o.O.
#....##..oO.#
##..#..ooTT#
.##......o@O#
.............##
..#..#........#
........##..##
............#
..#........##
##.#.#..)...#
.#.....))...##
.......#....##


You could see an orc high priest, a two-headed ogre, 2 trolls, 2 orc sorcerers,
3 orc warriors, 4 ogres, 2 orc priests and 3 orcs.

Vanquished Creatures
  A dire elephant (Lair:6)
  An ogre mage (D:12)
  Harold (Orc:1)
  7 hydras
  4 two-headed ogres
  A death yak (Lair:5)
  The ghost of Gildeon the Basher, a novice MiFi of Qazlal (D:10)
  An orc high priest (Orc:1)
  A sun demon (Lair:6)
  A wizard (Lair:6)
  5 manticores
  2 orc sorcerers
  2 elephants (Lair:5)
  A cyclops (D:12)
  A merfolk siren (Lair:4)
  2 centaur zombies
  2 black mambas (Lair:5)
  2 orange demons (Lair:6)
  11 spiny frogs
  3 gargoyles
  A torpor snail (Lair:5)
  2 centaur skeletons (D:10)
  4 rime drakes (Lair:6)
  6 komodo dragons
  An efreet (D:11)
  2 ice devils (Lair:6)
  A hellwing (Lair:6)
  4 trolls
  A queen bee (Lair:5)
  A red devil (Lair:6)
  3 meliai (Lair:5)
  A polar bear (Lair:4)
  A hornet (D:12)
  14 blink frogs
  A slime creature (D:12)
  A dream sheep (Lair:6)
  7 hippogriffs
  A redback (D:12)
  A wyvern (Lair:5)
  A spriggan (D:10)
  20 yaks
  A shadow (D:12)
  6 basilisks
  A hungry ghost (D:8)
  A vampire mosquito (D:12)
  Menkaure (D:4)
  Edmund (D:4)
  6 water moccasins
  2 acid dragons (D:12)
  5 hell hounds (Lair:6)
  Duvessa (D:7)
  15 orc warriors
  10 porcupines
  2 sky beasts
  3 ice beasts
  15 ogres
  2 black bears
  6 phantoms
  2 necrophages
  14 wolves
  7 centaurs
  14 crocodiles
  3 big kobolds
  12 bullfrogs
  Dowan (D:7)
  3 scorpions
  2 wyvern skeletons
  95 killer bees
  4 wights (D:11)
  2 electric eels (Lair:4)
  2 howler monkeys
  4 crimson imps
  A bullfrog zombie (D:5)
  Crazy Yiuf (D:6)
  5 hounds
  3 jellies
  14 orc priests
  11 orc wizards
  3 bullfrog skeletons
  10 worker ants
  An iguana (D:6)
  7 hell rats (Lair:5)
  A worker ant zombie (D:10)
  Robin (D:4)
  14 gnolls
  9 adders
  2 river rats
  A shadow imp (D:5)
  An ooze (D:2)
  An adder zombie (D:8)
  An adder skeleton (D:4)
  5 dart slugs
  2 worms
  4 leopard geckos
  98 orcs
  3 ball pythons
  8 bats
  6 giant cockroaches
  20 goblins
  14 hobgoblins
  11 jackals
  13 kobolds
  2 quokkas
  12 frilled lizards
  A quokka skeleton (D:5)
  13 rats
666 creatures vanquished.

Vanquished Creatures (others)
  2 jackals (D:6)
  3 fungi (Lair:5)
  2 withered plants (D:10)
7 creatures vanquished.

Grand Total: 673 creatures vanquished

Notes
Turn   | Place    | Note
-------+----------+-------------------------------------------
     0 | D:1      | mopl the Barachi Transmuter began the quest for the Orb.
     0 | D:1      | Reached XP level 1. HP: 15/15 MP: 3/3
   110 | D:1      | Reached XP level 2. HP: 11/21 MP: 3/5
   118 | D:1      | Learned a level 2 spell: Sticks to Snakes
   638 | D:1      | Reached skill level 4 in Unarmed Combat
   638 | D:1      | Reached XP level 3. HP: 11/26 MP: 4/6
   828 | D:1      | Learned a level 3 spell: Spider Form
  1664 | D:1      | Reached XP level 4. HP: 12/32 MP: 4/8
  1870 | D:2      | Reached skill level 3 in Transmutations
  1870 | D:2      | Reached skill level 1 in Poison Magic
  2444 | D:2      | Reached skill level 3 in Spellcasting
  2700 | D:2      | Reached XP level 5. HP: 30/37 MP: 2/9
  3008 | D:2      | Learned a level 4 spell: Ice Form
  3165 | D:3      | Reached skill level 5 in Unarmed Combat
  3385 | D:3      | Found a glowing drain.
  3412 | Sewer    | Entered a sewer
  3544 | Sewer    | Noticed a big kobold
  3600 | Sewer    | Killed a big kobold
  3600 | Sewer    | Reached skill level 1 in Ice Magic
  3600 | Sewer    | Reached skill level 2 in Poison Magic
  3600 | Sewer    | Reached XP level 6. HP: 28/43 MP: 0/11
  3685 | Sewer    | Found a glowing silver altar of Zin.
  4280 | D:4      | Noticed Edmund
  4300 | D:4      | Killed Edmund
  4300 | D:4      | Reached skill level 6 in Unarmed Combat
  4300 | D:4      | Reached skill level 4 in Transmutations
  4300 | D:4      | Reached skill level 2 in Ice Magic
  4300 | D:4      | Reached XP level 7. HP: 39/48 MP: 10/12
  4388 | D:4      | Noticed Menkaure
  4556 | D:3      | Reached skill level 4 in Spellcasting
  4716 | D:4      | Killed Menkaure
  4716 | D:4      | Reached skill level 3 in Ice Magic
  4749 | D:4      | Noticed Robin
  4762 | D:4      | Killed Robin
  4856 | D:4      | Reached skill level 2 in Fighting
  4860 | D:4      | Reached XP level 8. HP: 6/56 MP: 11/14
  5161 | D:4      | Reached skill level 7 in Unarmed Combat
  5167 | D:4      | Reached skill level 3 in Dodging
  5224 | D:4      | Reached skill level 5 in Transmutations
  5567 | D:5      | Entered Level 5 of the Dungeon
  5787 | D:5      | Reached skill level 3 in Fighting
  5788 | D:5      | Found a staircase to the Ecumenical Temple.
  5794 | D:5      | Got a thick robe
  5804 | Temple   | Entered the Ecumenical Temple
  5824 | Temple   | Identified the +1 robe of Ituzxub {+Fly Regen+ Dex+3 Slay+5} (You found it on level 5 of the Dungeon)
  5948 | Temple   | Became a worshipper of Cheibriados the Contemplative
  5993 | D:5      | Learned a level 5 spell: Blade Hands
  6323 | D:5      | Reached skill level 1 in Invocations
  6369 | D:5      | Reached skill level 8 in Unarmed Combat
  6498 | D:5      | Found an ornate altar of the Wu Jian Council.
  6498 | D:5      | Found a faded altar of an unknown god.
  6503 | D:5      | Found an opulent altar of Gozag.
  6505 | D:5      | Found a faded altar of an unknown god.
  6506 | D:5      | Found a glowing golden altar of the Shining One.
  6749 | D:6      | Found a burning altar of Makhleb.
  6760 | D:6      | Found an iron altar of Okawaru.
  6774 | D:6      | Reached skill level 4 in Fighting
  6774 | D:6      | Reached skill level 4 in Dodging
  6774 | D:6      | Reached XP level 9. HP: 65/65 MP: 12/15
  6825 | D:6      | Learned a level 1 spell: Confusing Touch
  7145 | D:6      | Found a runed door.
  7150 | D:6      | Noticed Crazy Yiuf
  7154 | D:6      | Killed Crazy Yiuf
  7154 | D:6      | Reached skill level 2 in Invocations
  7202 | D:6      | Found a white marble altar of Elyvilon.
  7217 | D:6      | Reached * piety under Cheibriados
  7371 | D:6      | Reached skill level 1 in Hexes
  7498 | D:7      | Reached skill level 6 in Fighting
  7498 | D:7      | Reached skill level 7 in Dodging
  7498 | D:7      | Reached skill level 10 in Unarmed Combat
  7498 | D:7      | Reached skill level 4 in Hexes
  7498 | D:7      | Reached skill level 7 in Transmutations
  7498 | D:7      | Reached skill level 4 in Invocations
  7498 | D:7      | Reached XP level 10. HP: 77/77 MP: 13/16
  7685 | D:7      | Reached ** piety under Cheibriados
  7983 | D:7      | Found a roughly hewn altar of Beogh.
  8000 | D:7      | Found a radiant altar of Vehumet.
  8051 | D:7      | Noticed Dowan
  8053 | D:7      | Noticed Duvessa
  8057 | D:7      | Killed Duvessa
  8063 | D:7      | Killed Dowan
  8509 | D:8      | Reached skill level 8 in Dodging
  8509 | D:8      | Reached skill level 11 in Unarmed Combat
  8556 | D:8      | Reached *** piety under Cheibriados
  8713 | D:8      | Reached skill level 7 in Fighting
  8729 | D:8      | Found a white marble altar of Elyvilon.
  8734 | D:8      | Found an ancient bone altar of Kikubaaqudgha.
  8734 | D:8      | Found a sparkling altar of Nemelex Xobeh.
  8757 | D:8      | Found a basalt altar of Yredelemnul.
  8929 | D:8      | Found Idwiu's Gadget Boutique.
  8948 | D:8      | Reached skill level 5 in Hexes
  9001 | D:8      | Found Foinorch's Antique Weapon Shoppe.
  9165 | D:8      | Found a staircase to the Lair.
  9330 | D:8      | Found Ciekk's Assorted Antiques.
  9333 | D:8      | Bought a scroll of identify for 42 gold pieces
  9333 | D:8      | Bought a scroll of teleportation for 63 gold pieces
  9593 | D:9      | Reached XP level 11. HP: 84/84 MP: 11/17
  9650 | D:9      | Reached **** piety under Cheibriados
  9692 | D:9      | Reached skill level 8 in Transmutations
  9925 | D:10     | Entered Level 10 of the Dungeon
  9935 | D:10     | Reached skill level 5 in Invocations
  9942 | D:10     | Reached ***** piety under Cheibriados
  9955 | D:10     | Learned a level 2 spell: Blink
  9968 | D:10     | Noticed a two-headed ogre
  9977 | D:10     | Killed a two-headed ogre
  9977 | D:10     | Reached skill level 1 in Translocations
 10097 | D:10     | Found Aniopuz's General Store.
 10106 | D:10     | Bought a scroll of blinking for 120 gold pieces
 10106 | D:10     | Bought a potion of ambrosia for 128 gold pieces
 10106 | D:10     | Bought a scroll of fear for 56 gold pieces
 10154 | D:10     | Noticed a two-headed ogre
 10184 | D:10     | Killed a two-headed ogre
 10184 | D:10     | Reached skill level 5 in Spellcasting
 10184 | D:10     | Reached skill level 2 in Translocations
 10185 | D:10     | Reached skill level 8 in Fighting
 10303 | D:10     | Reached skill level 12 in Unarmed Combat
 10330 | D:10     | Noticed a two-headed ogre
 10339 | D:10     | Killed a two-headed ogre
 10644 | D:10     | Found a runed door.
 10644 | D:10     | Noticed Gildeon's ghost (novice MiFi)
 10720 | D:10     | Reached skill level 9 in Dodging
 10890 | D:10     | Killed Gildeon's ghost
 10890 | D:10     | Reached skill level 3 in Translocations
 10890 | D:10     | Reached XP level 12. HP: 93/93 MP: 14/20
 11641 | D:12     | Found a staircase to the Orcish Mines.
 11772 | D:12     | Noticed a seven-headed hydra
 11780 | D:12     | Killed a seven-headed hydra
 11780 | D:12     | Reached skill level 6 in Invocations
 11783 | D:12     | Reached ****** piety under Cheibriados
 11862 | D:12     | Noticed an ogre mage
 11869 | D:12     | Paralysed by an ogre mage for 7 turns
 11877 | D:12     | Killed an ogre mage
 11877 | D:12     | Reached skill level 1 in Throwing
 11877 | D:12     | Reached skill level 6 in Spellcasting
 11879 | D:12     | Got a scorched marble ring
 11881 | D:12     | Identified the ring of Sif Muna's Pride {*Tele rPois rF+} (You took it off an ogre mage on level 12 of the Dungeon)
 11926 | D:12     | Reached skill level 9 in Fighting
 11948 | D:12     | Learned a level 5 spell: Yara's Violent Unravelling
 11958 | D:12     | Noticed a two-headed ogre
 11964 | D:12     | Killed a two-headed ogre
 11964 | D:12     | Reached skill level 2 in Throwing
 11966 | D:12     | Reached skill level 13 in Unarmed Combat
 11982 | D:12     | Got a crude wooden ring
 11985 | D:12     | Got a coiled turquoise ring
 12015 | D:12     | Got a flickering steel ring
 12573 | D:12     | Noticed an eight-headed hydra
 12578 | D:12     | Killed an eight-headed hydra
 12578 | D:12     | Reached skill level 3 in Throwing
 12625 | D:12     | Found a deep blue altar of Sif Muna.
 12631 | D:12     | Identified the ring of Plog {Fire *Slow Str+2 Int+3 Dex+6} (You found it on level 12 of the Dungeon)
 12633 | D:12     | Identified the ring "Vogrepp Dyid" {Fire rN+ Str+2 Int-2} (You found it on level 12 of the Dungeon)
 12635 | D:12     | Identified the ring "Gior" {Ice Str+2 Int+3} (You found it on level 12 of the Dungeon)
 12784 | Lair:1   | Entered Level 1 of the Lair of Beasts
 12825 | Lair:1   | Reached skill level 10 in Dodging
 12872 | Lair:1   | Gained mutation: You can hop long distances. [Barachi growth]
 12872 | Lair:1   | Reached XP level 13. HP: 101/101 MP: 22/22
 13016 | Lair:1   | Reached skill level 7 in Invocations
 13104 | Lair:1   | Upgraded the game from 0.22-a0-799-g88f5e90 to 0.22-a0-803-gd6d8abe
 13510 | Lair:2   | Found a staircase to the Snake Pit.
 13619 | Lair:2   | Reached skill level 4 in Throwing
 13923 | Lair:3   | Reached skill level 10 in Fighting
 14269 | Lair:3   | Reached skill level 14 in Unarmed Combat
 14907 | Lair:4   | Found a staircase to the Shoals.
 14980 | Lair:4   | Got a pitted chain mail
 14991 | Lair:4   | Identified the cursed +1 chain mail "Fuasuwuo" {+Blink} (You found it on level 4 of the Lair of Beasts)
 15644 | Lair:5   | Got a shimmering chain mail
 15775 | Lair:5   | Found a runed door.
 15786 | Lair:5   | Found a viscous altar of Jiyva.
 15786 | Lair:5   | Noticed an acid blob
 15787 | Lair:5   | Found a staircase to the Slime Pits.
 15787 | Lair:5   | Noticed an acid blob
 15836 | Lair:5   | Reached skill level 5 in Throwing
 16030 | Lair:5   | Reached XP level 14. HP: 55/111 MP: 12/23
 16049 | Lair:5   | HP: 1/111 [manticore (18)]
 16201 | Lair:5   | Reached skill level 8 in Invocations
 16449 | Lair:6   | Entered Level 6 of the Lair of Beasts
 16456 | Lair:6   | Reached skill level 11 in Dodging
 16521 | Lair:6   | Reached skill level 11 in Fighting
 16639 | Lair:6   | Reached skill level 9 in Transmutations
 16707 | Lair:6   | Noticed a dire elephant
 16717 | Lair:6   | Killed a dire elephant
 16925 | Lair:6   | Reached skill level 15 in Unarmed Combat
 17064 | Lair:6   | Reached skill level 6 in Throwing
 17185 | Lair:6   | Found a burning altar of Makhleb.
 17215 | Lair:6   | Found a gateway to Hell.
 17241 | Lair:6   | Got a sparkling graven amulet
 17243 | Lair:6   | Identified the amulet "Vogh" {Faith Fragile rPois rN+ Stlth+} (You found it on level 6 of the Lair of Beasts)
 17556 | Lair:1   | Identified the +8 chain mail of the Jabberwock {+Blink rC- rN+ MR+++} (You found it on level 5 of the Lair of Beasts)
 17695 | Orc:1    | Entered Level 1 of the Orcish Mines
 17695 | Orc:1    | Noticed Harold
 17698 | Orc:1    | Killed Harold
 17993 | Orc:2    | Entered Level 2 of the Orcish Mines
 17994 | Orc:2    | Found Qohinen's Distillery.
 17998 | Orc:2    | Bought a potion of resistance for 170 gold pieces
 18106 | Orc:2    | HP: 2/113 [ogre/giant spiked club (13)]
 18106 | Orc:2    | Killed from afar by an orc priest

Vault maps used:
D:1:      dpeg_arrival_court, kennysheep_decorative_pillar
D:3:      portal_sewer_entry_b, first_ration
D:4:      uniq_edmund, uniq_robin, uniq_menkaure
D:5:      chequers_temple_overflow_minitemple, temple_statues
D:6:      bloody_makhleb, lemuel_round_altar, elyvilon_altar_4,
          uniq_crazy_yiuf_cottage
D:7:      nicolae_overflow_hidden_temple, lemuel_round_altar,
          david_defended_altar_orc, uniq_duvessa
D:8:      chequers_temple_overflow_statue_of_worship, lair_entry_dummy,
          serial_shops, kennysheep_mini_moat, shop, shop
D:10:     serial_shops, shop_fountains, gammafunk_ghost_grave, the_bakery
D:12:     minmay_the_grid_triangle_9x9_recursive_2, lemuel_blue_sif_altar
Temple:   minmay_temple_curvy_loop
Lair:2:   dummy_snake_entry, cheibrodos_lair_caveside_slide,
          serial_bayou_shore_b
Lair:3:   wad_woods_minihive, minivault_11
Lair:4:   minmay_shoals_entry_lonely_mermaid
Lair:5:   hangedman_what_comes_after_a, slime_altar_2
Lair:6:   evil_forest, serial_bayou_shore_b, grunt_megastairs_4,
          infiniplex_staircase_pool, lemuel_fruit_tree
Orc:1:    uniq_harold
Orc:2:    st_orc_open, serial_shops, nicolae_shop_trees, roderic_batcave
Sewer:    sewer_kobolds

Skill      XL: |  1  2  3  4  5  6  7  8  9 10 11 12 13 14 |
---------------+-------------------------------------------+-----
Unarmed Combat | 4 5 6 8 10 11 12 13 14 15 | 15.3
Transmutations | 3 4 5 7 8 9 |  9.4
Poison Magic   | 1 2 |  2.1
Spellcasting   | 3 4 5 6 |  6.6
Ice Magic      | 1 2 3 |  3.0
Fighting       | 2 4 6 7 8 9 10 11 | 11.5
Dodging        | 4 7 8 9 10 11 | 11.4
Invocations    | 1 4 5 6 7 8 |  8.5
Hexes          | 4 5 |  5.0
Translocations | 3 |  3.1
Throwing       | 3 5 6 |  6.4

Action                   |  1- 3 |  4- 6 |  7- 9 | 10-12 | 13-15 || total
-------------------------+-------+-------+-------+-------+-------++-------
Melee: Unarmed           |   128 |   211 |   267 |   510 |   506 ||  1622
       Kick              |     2 |       |       |       |       ||     2
       Headbutt          |     5 |       |       |       |       ||     5
       Punch             |     2 |       |     6 |    18 |    29 ||    55
Throw: Tomahawk          |       |       |       |     2 |    12 ||    14
 Cast: Beastly Appendage |    15 |       |     1 |       |       ||    16
       Spider Form       |     4 |    15 |    16 |     8 |       ||    43
       Ice Form          |       |       |     6 |    18 |    12 ||    36
       Blade Hands       |       |       |       |    16 |    17 ||    33
       Blink             |       |       |       |       |     8 ||     8
Invok: Bend Time         |       |       |       |     1 |       ||     1
       Slouch            |       |       |       |       |     6 ||     6
       Temporal Distorti |       |       |       |       |     1 ||     1
 Abil: Hop               |       |       |       |     1 |     1 ||     2
       End Transformatio |       |       |       |       |     6 ||     6
Evoke: Wand              |       |       |       |     3 |    11 ||    14
  Use: Scroll            |       |       |     8 |     8 |     1 ||    17
       Potion            |       |       |     1 |     2 |     2 ||     5
 Stab: Sleeping          |       |       |       |     3 |     3 ||     6
       Distracted        |       |       |       |       |     2 ||     2
  Eat: Chunk             |     4 |     7 |    16 |    19 |    17 ||    63
       Ration            |       |     1 |       |       |       ||     1
Armor: Robe              |    24 |    21 |    10 |    21 |    39 ||   115
       Skin              |     2 |     4 |    18 |    54 |    24 ||   102
       Animal skin       |       |       |     6 |       |       ||     6
Dodge: Dodged            |   104 |   122 |   163 |   471 |   621 ||  1481

Table legend:
 A = Spawn XP
 B = Non-spawn XP
 C = Spawn XP percentage of total XP
 D = Spawn monster count
 E = Non-spawn monster count
 F = Spawn count percentage of total count
 G = Total turns spent on level
                    A         B        C        D         E        F      G
               +---------+---------+-------+---------+---------+-------+---------
         Total |       0 |   78846 |   0.0 |       0 |     666 |   0.0 | 18106
               +---------+---------+-------+---------+---------+-------+---------
           D:1 |       0 |      61 |   0.0 |       0 |      28 |   0.0 |  2031
           D:2 |       0 |     146 |   0.0 |       0 |      31 |   0.0 |  1085
           D:3 |       0 |     258 |   0.0 |       0 |      36 |   0.0 |  1102
           D:4 |       0 |     985 |   0.0 |       0 |      42 |   0.0 |  1040
           D:5 |       0 |     551 |   0.0 |       0 |      17 |   0.0 |   869
           D:6 |       0 |     766 |   0.0 |       0 |      25 |   0.0 |   934
           D:7 |       0 |    1489 |   0.0 |       0 |      32 |   0.0 |   904
           D:8 |       0 |    1687 |   0.0 |       0 |      27 |   0.0 |   979
           D:9 |       0 |    1977 |   0.0 |       0 |      38 |   0.0 |   638
          D:10 |       0 |    7509 |   0.0 |       0 |      40 |   0.0 |  1051
          D:11 |       0 |    1916 |   0.0 |       0 |      22 |   0.0 |   677
          D:12 |       0 |   10250 |   0.0 |       0 |      31 |   0.0 |  1133
        Lair:1 |       0 |    4555 |   0.0 |       0 |      23 |   0.0 |   443
        Lair:2 |       0 |    2915 |   0.0 |       0 |      14 |   0.0 |   785
        Lair:3 |       0 |    4599 |   0.0 |       0 |      54 |   0.0 |   798
        Lair:4 |       0 |    3310 |   0.0 |       0 |      20 |   0.0 |   872
        Lair:5 |       0 |   13180 |   0.0 |       0 |      82 |   0.0 |   870
        Lair:6 |       0 |   17092 |   0.0 |       0 |      44 |   0.0 |  1019
         Orc:1 |       0 |    3759 |   0.0 |       0 |      26 |   0.0 |   298
         Orc:2 |       0 |    1717 |   0.0 |       0 |      23 |   0.0 |   113
         Sewer |       0 |     124 |   0.0 |       0 |      11 |   0.0 |   309
               +---------+---------+-------+---------+---------+-------+---------
